 Dungeon Crawl Stone Soup version 0.30.0-29-ga12c61a403 (webtiles) character file.

Game seed: 2586508940444436022

194688 qw the Peltast (level 18, -13/119 HPs)
             Began as a Gargoyle Fighter on June 3, 2023.
             Was a Priest of Okawaru.
             Mangled by a nagaraja
             ... wielding a +2 spear of venom
              (24 damage)
             ... on level 4 of the Snake Pit.
             The game lasted 00:17:33 (31304 turns).

qw the Peltast (Gargoyle Fighter)                  Turns: 31304, Time: 00:17:33

Health: -13/119    AC: 43    Str: 28    XL:     18   Next: 76%
Magic:  25/25      EV: 12    Int:  7    God:    Okawaru [***...]
Gold:   1386       SH: 21    Dex:  9    Spells: 17/17 levels left

rFire   + . .        t - +8 war axe (spect)
rCold   + . .        e - +0 tower shield
rNeg    + . .        i - +1 plate armour {rC+}
rPois   inf          B - +2 helmet {Int+3}
rElec   +            v - +0 cloak
rCorr   .            K - +0 pair of gloves of the Decaying God {Int-5 Slay+5}
SInv    +            m - +0 pair of boots
Will    +....        o - amulet of faith Stlth
                     I - +5 ring of evasion
HPRegen 0.39/turn    b - ring of see invisible
MPRegen 0.19/turn

%: faith
@: heroic, untranslocatable, flying, constricted
A: sickness immunity, AC +13, big wings, negative energy resistance 1,
electricity resistance, torment resistance 1, petrification resistance, fire
resistance 1
a: Renounce Religion, Heroism


You were on level 4 of the Snake Pit.
You worshipped Okawaru.
Okawaru was most pleased with you.
You visited 6 branches of the dungeon, and saw 30 of its levels.
You also visited: Sewer and Ossuary.

You collected 3399 gold pieces.
You spent 2013 gold pieces at shops.


Innate Abilities, Weirdness & Mutations

You are immune to sickness and miasma.
Your stone body is resilient. (AC +13)
You are immune to poison.
Your large and strong wings let you fly.
You resist negative energy. (rN+)
You are resistant to electric shocks. (rElec)
You are resistant to unholy torment.
You are immune to petrification.
Your flesh is heat resistant. (rF+)


   Skills:
 - Level 15.0(20.0) Fighting
 - Level 16.0(21.0) Axes
 - Level 8.0(13.0) Throwing
 + Level 14.9(19.9) Armour
 - Level 3.0(8.0) Dodging
 - Level 18.1(23.1) Shields
 - Level 10.0 Invocations


You had 17 spell levels left.
You didn't know any spells.
Your spell library was empty.

Inventory:

Hand Weapons
 t - a +8 spectral war axe (weapon)
Missiles
 z - 4 silver boomerangs (quivered)
 D - 3 javelins
 G - 5 boomerangs
Armour
 e - a +0 tower shield (worn)
 i - a +1 plate armour of cold resistance (worn)
 m - a +0 pair of boots (worn)
 p - the +0 fire dragon scales "Porenitz" {rF++ rC- rCorr Int+2 Slay+2}
   (You found it on level 2 of the Swamp)

   Int:       It affects your intelligence (+2).
   Slay:      It affects your accuracy & damage with ranged weapons and melee
   (+2).
   rF:        It greatly protects you from fire.
   rC:        It makes you vulnerable to cold.
   rCorr:     It protects you from acid and corrosion.
 v - a +0 cloak (worn)
 y - +0 acid dragon scales
 B - a +2 helmet of intelligence (worn)
 E - a +2 plate armour of fire resistance
 K - the +0 pair of gloves of the Decaying God (worn) {Int-5 Slay+5}
   (You acquired it on level 2 of the Orcish Mines)

   Int:       It affects your intelligence (-5).
   Slay:      It affects your accuracy & damage with ranged weapons and melee
   (+5).
Jewellery
 b - a ring of see invisible (right hand)
 g - a ring of ice
 k - a ring of ice
 o - an amulet of faith (around neck)
 w - an amulet of reflection
 C - a ring of protection from fire
 F - a ring of protection from fire
 I - a +5 ring of evasion (left hand)
 Y - a +4 ring of protection
Wands
 r - a wand of digging (17)
Scrolls
 c - 11 scrolls of identify
 h - 11 scrolls of teleportation
Potions
 a - 3 potions of resistance
 d - 4 potions of might
 f - 5 potions of mutation
 j - 3 potions of magic
 l - 6 potions of attraction
 n - a potion of cancellation
 q - 2 potions of lignification
 s - 4 potions of haste
 x - 13 potions of curing

Dungeon Overview and Level Annotations

Branches:
Dungeon (15/15)            Temple (1/1) D:6            Lair (5/5) D:11
  Swamp (3/4) Lair:3        Snake (4/4) Lair:2        Slime (0/5) Lair:4
    Orc (2/2) D:12            Elf (0/3) Orc:2        Vaults (0/5) D:14
 Depths (0/4) D:15          Sewer (visited)         Ossuary (visited)

Altars:
Ashenzari
Cheibriados
Dithmenos
Elyvilon
Fedhas
Gozag
Hepliaklqana
Kikubaaqudgha
Makhleb
Nemelex Xobeh
Okawaru
Qazlal
Ru
Sif Muna
Trog
Uskayaw
Vehumet
Wu Jian
Xom
Yredelemnul
Zin
The Shining One
Jiyva

Shops:
D:9 *   D:10 =   Orc:2 (?::=

Portals:
Trove: D:13 (show slimy rune of Zot)

Annotations:
D:10 2 runed translucent doors
Lair:2 1 runed translucent door
Snake:2 1 runed translucent door, Zonian's ghost, adept HOFi


Message History

Something closely misses your +8 spectral war axe.
You slash the anaconda!
The anaconda is severely wounded.
You slice the naga warrior!! The anaconda misses you.
The anaconda constricts you.
The naga mage closely misses your +8 spectral war axe.
The naga sharpshooter unwields a +0 scimitar.
The naga sharpshooter wields a +0 arbalest.
The naga sharpshooter casts a spell.
The naga sharpshooter magically shoots a bolt.
The bolt hits you but does no damage. You block the nagaraja's attack.
You block the naga mage's attack. You block the naga warrior's attack.
The anaconda bites you. The anaconda constricts you.
You slash the anaconda!
The anaconda is almost dead.
You closely miss the naga warrior.
The naga mage barely misses your +8 spectral war axe.
The naga mage gestures at the naga mage while chanting.
The naga mage seems to grow toxic.
The anaconda bites you but does no damage.
The anaconda constricts you.
The nagaraja hits you but does no damage.
The naga warrior spits poison at you.
The splash of poison hits you but does no damage.
You miss the anaconda.
The anaconda is almost dead.
You hit the naga warrior.
The naga mage no longer looks unusually strong.
The naga sharpshooter no longer looks unusually strong.
The naga ritualist no longer looks unusually strong.
The naga mage no longer looks unusually strong.
The naga mage hits your +8 spectral war axe but does no damage.
You block the anaconda's attack. The anaconda constricts you.
The naga mage casts a spell.
The naga mage seems to speed up.
The naga warrior hits you but does no damage.
The naga mage casts a spell.
The naga mage seems to speed up.
The nagaraja hits you from afar with a +2 spear of venom!!
You die...

)..............####.##..))#
##.
......############...##...###
# ......# ####.............#
......# ##................#
......# [...#.............#
......# ............#....#
......# .##...N.........#
......# ##)(N.....#..##
#@#NN.}....##
...N.NS#NNN......#
.....#NNNNN...#.... ....
...NNN.#...... .#.
....#NN....... #
.............. #.... ......
#.... ......


You could see 3 nagarajas, 2 naga warriors, 3 naga sharpshooters, a salamander,
an anaconda, a naga ritualist (curare), 6 naga magi and a friendly +8 spectral
war axe.

Vanquished Creatures
  Roxanne (Swamp:3)
  2 thorn hunters
  Donald (Orc:2)
  2 nagarajas
  Louise (Snake:1)
  4 eleionomae
  A stone giant (D:15)
  3 bunyips
  Josephine (D:12)
  Erolcha (D:10)
  6 hydras
  A ghost crab (Swamp:2)
  A boulder beetle (D:15)
  A salamander tyrant (Snake:4)
  A vault guard (D:14)
  3 catoblepae
  2 two-headed ogres
  2 alligators
  3 centaur warriors
  A death knight (D:13)
  2 anacondas
  14 naga warriors
  4 orc high priests (Orc:2)
  11 naga sharpshooters
  A shock serpent (Snake:3)
  Nergalle (D:12)
  4 salamander mystics
  2 skysharks (Lair:5)
  A death drake (Swamp:2)
  A fire crab (shapeshifter) (D:14)
  4 skeletal warriors (D:12)
  2 spriggan druids (Swamp:1)
  5 goliath frogs
  3 bog bodies (Swamp:3)
  3 sea snakes (Snake:1)
  3 naga ritualists
  A deep troll (D:14)
  A lindwurm (D:14)
  5 orc knights
  3 swamp dragons
  11 ugly things
  2 phantasmal warriors (D:13)
  A deep elf pyromancer (D:14)
  6 manticores
  8 orc sorcerers
  8 mana vipers
  An oklob plant (D:11)
  10 cyclopes
  12 naga magi
  29 black mambas
  20 elephants
  16 salamanders
  2 torpor snails
  11 cane toads
  11 slime creatures
  3 guardian serpents (Snake:3)
  An unseen horror (D:12)
  2 gargoyles
  5 rime drakes
  A freezing wraith (D:13)
  8 komodo dragons
  Psyche (D:12)
  2 tengu conjurers
  An efreet (D:15)
  6 meliai
  A queen bee (shapeshifter) (D:14)
  6 polar bears
  A bloated husk (Swamp:1)
  5 trolls
  9 tyrant leeches
  15 hornets
  17 blink frogs
  7 dream sheep (Lair:5)
  23 spriggans
  Sigmund (D:4)
  A shadow (D:10)
  6 wraiths
  46 yaks
  4 basilisks
  13 wyverns
  A human (Lair:2)
  31 vampire mosquitoes
  49 nagas
  9 swamp worms
  An acid dragon (D:9)
  4 hell hounds (D:14)
  18 water moccasins
  6 swamp drakes
  24 orc warriors
  5 black bears
  A hornet zombie (Ossuary)
  2 ice beasts
  5 boggarts (Lair:5)
  6 ogres
  31 wolves
  6 centaurs
  8 kobold brigands
  5 scorpions
  A gnoll sergeant (D:11)
  14 bullfrogs
  A wight (D:6)
  2 water moccasin zombies (Ossuary)
  6 killer bees (D:9)
  2 oklob saplings (D:9)
  3 electric eels
  2 howler monkeys
  5 lava snakes
  10 bullfrog zombies (Ossuary)
  3 centaur zombies (Ossuary)
  25 orc priests
  4 hounds
  6 jellies
  Ijyb (D:3)
  3 sleepcaps
  25 orc wizards
  4 hell rats (D:14)
  4 killer bee zombies (Ossuary)
  11 mummies (Ossuary)
  A howler monkey zombie (Ossuary)
  9 adders
  10 gnolls
  A river rat (Sewer)
  A white imp (D:7)
  An ufetubus (D:6)
  2 worms (Sewer)
  2 dart slugs
  62 orcs
  4 bats
  12 endoplasms
  6 giant cockroaches
  12 goblins
  6 hobgoblins
  4 jackals (D:1)
  6 quokkas
  23 ball pythons
  2 frilled lizards (D:1)
  33 kobolds
  13 rats
996 creatures vanquished.

Vanquished Creatures (others)
  An alligator (Swamp:1)
  2 spriggans (Swamp:2)
  An ugly thing (D:12)
  2 bloated husks (Swamp:2)
  A hornet (Swamp:2)
  A water elemental (D:10)
  A naga (Snake:3)
  A swamp drake (Swamp:2)
  An orc priest (Orc:2)
  An orc (D:5)
  12 spectral weapons
24 creatures vanquished.

Grand Total: 1020 creatures vanquished

Notes
Turn   | Place    | Note
-------+----------+-------------------------------------------
     0 | D:1      | qw the Gargoyle Fighter began the quest for the Orb.
     0 | D:1      | Reached XP level 1. HP: 14/14 MP: 1/1
     0 | D:1      | 0 ||| qw: Version: 0.2-a-103-g07a9981
     0 | D:1      | 0 ||| qw: Game counter: 949
     0 | D:1      | 0 ||| qw: Always use a shield: true
     0 | D:1      | 0 ||| qw: God list: Okawaru
     0 | D:1      | 0 ||| qw: Allow faded altars: false
     0 | D:1      | 0 ||| qw: Do Orc after D:15 true
     0 | D:1      | 0 ||| qw: Do second Lair branch before Depths: true
     0 | D:1      | 0 ||| qw: Lair rune preference: random
     0 | D:1      | 0 ||| qw: Plans: Normal, Zot:1-4, Slime:5, God:TSO, Crypt,
                  | Tomb, Pan, Hells, Abyss, Win
     0 | D:1      | 0 ||| PLANNING D:1-11
    18 | D:1      | 18 ||| Stepping ~*~*~tactically~*~*~ (hiding).
    19 | D:1      | 19 ||| Stepping ~*~*~tactically~*~*~ (hiding).
   182 | D:1      | 182 ||| Stepping ~*~*~tactically~*~*~ (hiding).
   302 | D:1      | Reached XP level 2. HP: 19/19 MP: 2/2
   400 | D:1      | Reached skill level 3 in Axes
   441 | D:1      | Reached XP level 3. HP: 23/23 MP: 3/3
   507 | D:1      | 507 ||| Stepping ~*~*~tactically~*~*~ (stealth).
   583 | D:1      | 583 ||| DROPPING +0 club.
  1248 | D:1      | 1248 ||| UPGRADING to +0 chain mail.
  1258 | D:1      | 1258 ||| DROPPING +0 scale mail.
  1259 | D:1      | 1259 ||| UPGRADING to amulet of guardian spirit.
  1264 | D:1      | 1264 ||| DROPPING ring of flight.
  1265 | D:1      | 1265 ||| READING scroll labelled IBYTAL BOCS.
  1266 | D:1      | 1266 ||| READING scroll labelled YCKEECLAJOI.
  1508 | D:2      | Reached XP level 4. HP: 28/28 MP: 4/4
  1531 | D:2      | 1531 ||| Stepping ~*~*~tactically~*~*~ (hiding).
  1533 | D:2      | 1533 ||| Stepping ~*~*~tactically~*~*~ (hiding).
  1990 | D:2      | 1990 ||| FLEEEEING.
  2034 | D:2      | 2034 ||| DROPPING +0 whip.
  2141 | D:2      | 2141 ||| UPGRADING to amulet of faith.
  2151 | D:2      | 2151 ||| READING scroll labelled CUT YTALIEJON.
  2152 | D:2      | 2152 ||| READING scroll labelled ZIJEUT ZIYSM.
  2157 | D:2      | 2157 ||| READING scroll labelled ZINIGOG FYHES.
  2158 | D:2      | 2158 ||| READING scroll labelled HUFUON LUNIAM.
  2164 | D:3      | 2164 ||| Stepping ~*~*~tactically~*~*~ (hiding).
  2190 | D:3      | Reached XP level 5. HP: 12/32 MP: 5/5
  2273 | D:3      | 2273 ||| Stepping ~*~*~tactically~*~*~ (stealth).
  2615 | D:3      | Noticed Ijyb
  2632 | D:3      | Killed Ijyb
  2656 | D:3      | 2656 ||| Stepping ~*~*~tactically~*~*~ (stealth).
  2657 | D:3      | 2657 ||| Stepping ~*~*~tactically~*~*~ (stealth).
  2658 | D:3      | 2658 ||| Stepping ~*~*~tactically~*~*~ (stealth).
  2793 | D:3      | Found a faded altar of an unknown god.
  2833 | D:3      | Found a glowing golden altar of the Shining One.
  2963 | D:3      | 2963 ||| UPGRADING to +0 kite shield.
  2973 | D:3      | 2973 ||| DROPPING +0 buckler.
  2974 | D:3      | 2974 ||| UPGRADING to +0 pair of boots.
  2979 | D:3      | 2979 ||| READING scroll labelled ADIKLO ROINGUM.
  2980 | D:3      | 2980 ||| READING scroll labelled TOSENIE OSOCH.
  2981 | D:3      | 2981 ||| DRINKING 2 metallic purple potions.
  3026 | D:4      | 3026 ||| PLANNING OSSUARY
  3049 | D:4      | Noticed an ogre
  3052 | D:4      | Killed an ogre
  3053 | D:4      | Reached skill level 4 in Shields
  3053 | D:4      | Reached XP level 6. HP: 27/37 MP: 6/6
  3315 | D:4      | Noticed Sigmund
  3316 | D:4      | 3316 ||| FLEEEEING.
  3317 | D:4      | 3317 ||| FLEEEEING.
  3318 | D:4      | 3318 ||| FLEEEEING.
  3319 | D:4      | 3319 ||| FLEEEEING.
  3320 | D:4      | 3320 ||| FLEEEEING.
  3321 | D:4      | 3321 ||| FLEEEEING.
  3322 | D:4      | 3322 ||| FLEEEEING.
  3323 | D:4      | 3323 ||| FLEEEEING.
  3324 | D:4      | 3324 ||| FLEEEEING.
  3325 | D:4      | 3325 ||| FLEEEEING.
  3326 | D:4      | 3326 ||| FLEEEEING.
  3327 | D:4      | 3327 ||| FLEEEEING.
  3328 | D:4      | 3328 ||| FLEEEEING.
  3348 | D:4      | Killed Sigmund
  3349 | D:4      | Reached skill level 5 in Shields
  3432 | D:4      | Found a sand-covered staircase.
  3433 | D:4      | 3433 ||| READING 2 scrolls labelled SUCREN MEUVU.
  3434 | D:4      | 3434 ||| READING scroll labelled DAFYSK TI PUU.
  3435 | D:4      | 3435 ||| READING scroll labelled VAIZIU JICZUOD.
  3436 | D:4      | 3436 ||| DRINKING 2 clear potions.
  3445 | Ossuary  | Entered an ossuary
  3516 | Ossuary  | Reached XP level 7. HP: 25/43 MP: 7/7
  3546 | Ossuary  | Reached skill level 6 in Axes
  3567 | Ossuary  | 3567 ||| FLEEEEING.
  3568 | Ossuary  | 3568 ||| FLEEEEING.
  3631 | Ossuary  | Reached skill level 6 in Shields
  3642 | Ossuary  | Reached skill level 1 in Dodging
  3655 | Ossuary  | 3655 ||| Stepping ~*~*~tactically~*~*~ (stealth).
  3668 | Ossuary  | Reached XP level 8. HP: 47/48 MP: 8/8
  3727 | Ossuary  | 3727 ||| FLEEEEING.
  3728 | Ossuary  | 3728 ||| Stepping ~*~*~tactically~*~*~ (stealth).
  3735 | Ossuary  | 3735 ||| Stepping ~*~*~tactically~*~*~ (stealth).
  3738 | Ossuary  | 3738 ||| Stepping ~*~*~tactically~*~*~ (stealth).
  3836 | Ossuary  | 3836 ||| Stepping ~*~*~tactically~*~*~ (hiding).
  3844 | Ossuary  | 3844 ||| FLEEEEING.
  4093 | Ossuary  | 4093 ||| READING scroll of enchant weapon.
  4093 | Ossuary  | 4093 ||| ENCHANTING +1 war axe.
  4143 | Ossuary  | 4143 ||| UPGRADING to ring of protection from fire.
  4144 | Ossuary  | 4144 ||| READING scroll labelled ZUAREVVIWNA.
  4145 | Ossuary  | 4145 ||| DRINKING 2 grey potions.
  4145 | Ossuary  | Gained mutation: Your flesh is heat resistant. (rF+)
                  | [potion of mutation]
  4146 | Ossuary  | 4146 ||| DRINKING 2 bubbling inky potions.
  4147 | Ossuary  | 4147 ||| DRINKING 3 coppery potions.
  4148 | Ossuary  | 4148 ||| DRINKING 3 purple potions.
  4149 | Ossuary  | 4149 ||| READING 3 scrolls of identify.
  4149 | Ossuary  | 4149 ||| IDENTIFYING fuming golden potion
  4150 | Ossuary  | 4150 ||| READING 2 scrolls of identify.
  4150 | Ossuary  | 4150 ||| IDENTIFYING dark potion
  4151 | Ossuary  | 4151 ||| DROPPING potion of brilliance.
  4152 | Ossuary  | 4152 ||| DROPPING 2 potions of invisibility.
  4162 | D:4      | 4162 ||| PLANNING D:1-11
  4168 | D:4      | 4168 ||| Stepping ~*~*~tactically~*~*~ (stealth).
  4169 | D:4      | 4169 ||| Stepping ~*~*~tactically~*~*~ (stealth).
  4206 | D:4      | 4206 ||| READING scroll of enchant weapon.
  4206 | D:4      | 4206 ||| ENCHANTING +2 heavy war axe.
  4515 | D:4      | Reached skill level 7 in Shields
  4721 | D:4      | 4721 ||| READING 2 scrolls of identify.
  4721 | D:4      | 4721 ||| IDENTIFYING sapphire potion
  4747 | D:5      | Entered Level 5 of the Dungeon
  4747 | D:5      | Found a blossoming altar of Fedhas.
  4748 | D:5      | 4748 ||| PLANNING SEWER
  4752 | D:5      | 4752 ||| STAIRDANCE
  4879 | D:5      | 4879 ||| Stepping ~*~*~tactically~*~*~ (hiding).
  4880 | D:5      | 4880 ||| FLEEEEING.
  4881 | D:5      | 4881 ||| Stepping ~*~*~tactically~*~*~ (hiding).
  4938 | D:5      | Reached XP level 9. HP: 54/54 MP: 9/9
  5088 | D:5      | Found a glowing drain.
  5090 | D:5      | 5090 ||| READING 2 scrolls of identify.
  5090 | D:5      | 5090 ||| IDENTIFYING fizzy white potion
  5092 | D:5      | 5092 ||| DROPPING potion of berserk rage.
  5128 | D:5      | 5128 ||| DRINKING 3 potions of curing.
  5128 | D:5      | 5128 ||| (to cure confusion)
  5132 | D:5      | Reached skill level 6 in Fighting
  5161 | Sewer    | Entered a sewer
  5436 | Sewer    | 5436 ||| Stepping ~*~*~tactically~*~*~ (water).
  5505 | Sewer    | 5505 ||| Stepping ~*~*~tactically~*~*~ (water).
  5510 | Sewer    | Reached skill level 8 in Shields
  5695 | Sewer    | 5695 ||| READING scroll labelled PYIPHU BAKKETA.
  5696 | Sewer    | 5696 ||| DRINKING 2 cyan potions.
  5697 | Sewer    | 5697 ||| DROPPING potion of magic.
  5720 | D:5      | 5720 ||| PLANNING D:1-11
  5898 | D:5      | 5898 ||| READING scroll of enchant weapon.
  5898 | D:5      | 5898 ||| ENCHANTING +3 heavy war axe.
  6019 | D:5      | 6019 ||| DROPPING ring of wizardry.
  6020 | D:5      | 6020 ||| READING 2 scrolls of identify.
  6020 | D:5      | 6020 ||| IDENTIFYING lumpy purple potion
  6197 | D:6      | 6197 ||| Stepping ~*~*~tactically~*~*~ (stealth).
  6200 | D:6      | Reached skill level 9 in Axes
  6273 | D:6      | 6273 ||| DROPPING +0 flail.
  6435 | D:6      | 6435 ||| Stepping ~*~*~tactically~*~*~ (stealth).
  6437 | D:6      | 6437 ||| FLEEEEING.
  6458 | D:6      | Found a glowing silver altar of Zin.
  6633 | D:6      | Found a staircase to the Ecumenical Temple.
  6634 | D:6      | 6634 ||| PLANNING TEMPLE
  6634 | D:6      | 6634 ||| UPGRADING to +0 plate armour.
  6644 | D:6      | 6644 ||| DROPPING +0 chain mail.
  6645 | D:6      | 6645 ||| UPGRADING to +0 plate armour of willpower.
  6655 | D:6      | 6655 ||| DROPPING +0 plate armour.
  6664 | Temple   | Entered the Ecumenical Temple
  6665 | Temple   | 6665 ||| PLANNING OKAWARU WORSHIP
  6676 | Temple   | Became a worshipper of Warmaster Okawaru
  6676 | Temple   | 6676 ||| PLANNING D:1-11
  6677 | Temple   | 6677 ||| DROPPING amulet of guardian spirit.
  7015 | D:7      | Identified the +1 ring mail "Wumouttu" {Regen+ Int+2}
  7021 | D:7      | 7021 ||| Stepping ~*~*~tactically~*~*~ (hiding).
  7160 | D:7      | Reached XP level 10. HP: 63/63 MP: 10/10
  7213 | D:7      | 7213 ||| Stepping ~*~*~tactically~*~*~ (stealth).
  7214 | D:7      | 7214 ||| Stepping ~*~*~tactically~*~*~ (stealth).
  7288 | D:7      | Found a hazy altar of Hepliaklqana.
  7291 | D:7      | Found a shadowy altar of Dithmenos.
  7293 | D:7      | Reached * piety under Okawaru
  7396 | D:7      | Reached skill level 1 in Invocations
  7408 | D:7      | 7408 ||| INVOKING Heroism.
  7409 | D:7      | 7409 ||| INVOKING Heroism.
  7416 | D:7      | Reached skill level 6 in Armour
  7519 | D:7      | Found a flagged portal.
  7756 | D:7      | 7756 ||| UPGRADING to ring of ice.
  7757 | D:7      | 7757 ||| READING 2 scrolls of identify.
  7757 | D:7      | 7757 ||| IDENTIFYING viscous pink potion
  7758 | D:7      | 7758 ||| DROPPING potion of degeneration.
  7777 | D:8      | Reached skill level 9 in Shields
  7777 | D:8      | Reached skill level 3 in Invocations
  7781 | D:8      | 7781 ||| Stepping ~*~*~tactically~*~*~ (stealth).
  7782 | D:8      | 7782 ||| INVOKING Heroism.
  7960 | D:8      | Found a sacrificial altar of Ru.
  8017 | D:8      | Reached ** piety under Okawaru
  8040 | D:8      | 8040 ||| READING scroll of enchant weapon.
  8040 | D:8      | 8040 ||| ENCHANTING +4 heavy war axe.
  8099 | D:8      | Found a broken altar of Ashenzari.
  8099 | D:8      | Found a sparkling altar of Nemelex Xobeh.
  8214 | D:8      | 8214 ||| UPGRADING to +0 pair of gloves.
  8219 | D:8      | 8219 ||| READING scroll labelled MAONIT DILULOY.
  8220 | D:8      | 8220 ||| READING 2 scrolls of identify.
  8220 | D:8      | 8220 ||| IDENTIFYING puce potion
  8221 | D:8      | 8221 ||| DROPPING potion of flight.
  8256 | D:9      | 8256 ||| Stepping ~*~*~tactically~*~*~ (stealth).
  8264 | D:9      | Reached skill level 1 in Throwing
  8265 | D:9      | 8265 ||| INVOKING Heroism.
  8480 | D:9      | Found a radiant altar of Vehumet.
  8498 | D:9      | 8498 ||| Stepping ~*~*~tactically~*~*~ (hiding).
  8499 | D:9      | 8499 ||| Stepping ~*~*~tactically~*~*~ (hiding).
  8503 | D:9      | 8503 ||| Stepping ~*~*~tactically~*~*~ (stealth).
  8506 | D:9      | 8506 ||| Stepping ~*~*~tactically~*~*~ (stealth).
  8511 | D:9      | 8511 ||| Stepping ~*~*~tactically~*~*~ (stealth).
  8513 | D:9      | 8513 ||| Stepping ~*~*~tactically~*~*~ (hiding).
  8591 | D:9      | 8591 ||| Stepping ~*~*~tactically~*~*~ (hiding).
  8602 | D:9      | 8602 ||| Stepping ~*~*~tactically~*~*~ (stealth).
  8605 | D:9      | 8605 ||| Stepping ~*~*~tactically~*~*~ (stealth).
  8707 | D:9      | 8707 ||| Stepping ~*~*~tactically~*~*~ (stealth).
  8728 | D:9      | 8728 ||| Stepping ~*~*~tactically~*~*~ (stealth).
  8812 | D:9      | Noticed a two-headed ogre
  8813 | D:9      | 8813 ||| INVOKING Heroism.
  8817 | D:9      | Killed a two-headed ogre
  8850 | D:9      | 8850 ||| INVOKING Heroism.
  8858 | D:9      | Reached *** piety under Okawaru
  8862 | D:9      | Reached XP level 11. HP: 53/68 MP: 12/14
  9004 | D:9      | Identified the +4 shortbow "Qebrez" {drain, Str+4 Int+2}
  9139 | D:9      | 9139 ||| INVOKING Heroism.
  9140 | D:9      | 9140 ||| READING 2 scrolls of identify.
  9140 | D:9      | 9140 ||| IDENTIFYING viscous orange potion
  9141 | D:9      | 9141 ||| DROPPING potion of ambrosia.
  9154 | D:9      | 9154 ||| Stepping ~*~*~tactically~*~*~ (stealth).
  9188 | D:9      | 9188 ||| INVOKING Heroism.
  9368 | D:9      | Found Puajewu's General Store.
  9635 | D:10     | Entered Level 10 of the Dungeon
  9667 | D:10     | 9667 ||| Stepping ~*~*~tactically~*~*~ (hiding).
  9715 | D:10     | 9715 ||| Stepping ~*~*~tactically~*~*~ (stealth).
  9806 | D:10     | Noticed Erolcha
  9807 | D:10     | 9807 ||| INVOKING Heroism.
  9810 | D:10     | Found an opulent altar of Gozag.
  9813 | D:10     | Killed Erolcha
  9871 | D:10     | 9871 ||| Stepping ~*~*~tactically~*~*~ (stealth).
  9992 | D:10     | 9992 ||| INVOKING Heroism.
 10120 | D:10     | Found a basalt altar of Yredelemnul.
 10177 | D:10     | 10177 ||| Stepping ~*~*~tactically~*~*~ (stealth).
 10214 | D:10     | Found Riafres's Jewellery Boutique.
 10217 | D:10     | 10217 ||| BUYING amulet of reflection (360 gold).
 10217 | D:10     | Bought an amulet of reflection for 360 gold pieces
 10217 | D:10     | 10217 ||| SHOPLISTING ring "Giwk" {rElec rCorr MP+9 Int+2}
                  | (525 gold, have 166).
 10217 | D:10     | 10217 ||| SHOPLISTING ring of resist corrosion (240 gold,
                  | have 166).
 10217 | D:10     | 10217 ||| SHOPLISTING ring of willpower (300 gold, have
                  | 166).
 10226 | D:10     | Identified the +8 hand axe of the Sky {venom, Int+3 Stlth+}
 10281 | D:10     | Found a large runed translucent door.
 10281 | D:10     | Found a large runed translucent door.
 10484 | D:10     | 10484 ||| Stepping ~*~*~tactically~*~*~ (hiding).
 10703 | D:10     | 10703 ||| READING scroll labelled UMAGHE RAVVUT.
 10756 | D:11     | Reached skill level 10 in Shields
 10785 | D:11     | Reached **** piety under Okawaru
 10803 | D:11     | 10803 ||| FLEEEEING.
 10806 | D:11     | 10806 ||| FLEEEEING.
 10807 | D:11     | 10807 ||| FLEEEEING.
 10817 | D:11     | 10817 ||| STAIRDANCE
 10943 | D:11     | 10943 ||| Stepping ~*~*~tactically~*~*~ (stealth).
 10957 | D:11     | 10957 ||| Stepping ~*~*~tactically~*~*~ (stealth).
 11030 | D:11     | 11030 ||| INVOKING Heroism.
 11144 | D:11     | Noticed an oklob plant
 11145 | D:11     | 11145 ||| INVOKING Heroism.
 11147 | D:11     | Found a staircase to the Lair.
 11159 | D:11     | Killed an oklob plant
 11160 | D:11     | Reached skill level 9 in Fighting
 11362 | D:11     | 11362 ||| Stepping ~*~*~tactically~*~*~ (hiding).
 11373 | D:11     | 11373 ||| INVOKING Heroism.
 11427 | D:11     | Noticed a two-headed ogre
 11428 | D:11     | 11428 ||| INVOKING Heroism.
 11435 | D:11     | Killed a two-headed ogre
 11489 | D:11     | 11489 ||| Stepping ~*~*~tactically~*~*~ (hiding).
 11490 | D:11     | 11490 ||| Stepping ~*~*~tactically~*~*~ (hiding).
 11506 | D:11     | Noticed a cyclops
 11507 | D:11     | 11507 ||| INVOKING Heroism.
 11517 | D:11     | Killed a cyclops
 11701 | D:11     | 11701 ||| PLANNING LAIR
 11701 | D:11     | 11701 ||| UPGRADING to +0 cloak.
 11739 | Lair:1   | Entered Level 1 of the Lair of Beasts
 11754 | Lair:1   | Noticed a catoblepas
 11755 | Lair:1   | 11755 ||| INVOKING Heroism.
 11760 | Lair:1   | Killed a catoblepas
 11761 | Lair:1   | Reached skill level 6 in Invocations
 11761 | Lair:1   | Reached XP level 12. HP: 69/76 MP: 13/16
 11930 | Lair:1   | 11930 ||| PLANNING LAIR
 11931 | Lair:1   | 11931 ||| FLEEEEING.
 11933 | Lair:1   | 11933 ||| FLEEEEING.
 11934 | Lair:1   | 11934 ||| FLEEEEING.
 11935 | Lair:1   | 11935 ||| FLEEEEING.
 11936 | Lair:1   | 11936 ||| FLEEEEING.
 11937 | Lair:1   | 11937 ||| FLEEEEING.
 11944 | Lair:1   | 11944 ||| INVOKING Heroism.
 11945 | Lair:1   | Received a gift from Okawaru
 12060 | Lair:1   | 12060 ||| PLANNING LAIR
 12116 | Lair:1   | 12116 ||| FLEEEEING.
 12117 | Lair:1   | 12117 ||| FLEEEEING.
 12118 | Lair:1   | 12118 ||| FLEEEEING.
 12119 | Lair:1   | 12119 ||| FLEEEEING.
 12120 | Lair:1   | 12120 ||| FLEEEEING.
 12121 | Lair:1   | 12121 ||| FLEEEEING.
 12122 | Lair:1   | 12122 ||| FLEEEEING.
 12291 | Lair:1   | 12291 ||| INVOKING Heroism.
 12293 | Lair:1   | 12293 ||| Stepping ~*~*~tactically~*~*~ (stealth).
 12528 | Lair:1   | 12528 ||| Stepping ~*~*~tactically~*~*~ (stealth).
 12558 | Lair:1   | 12558 ||| Stepping ~*~*~tactically~*~*~ (stealth).
 12559 | Lair:1   | 12559 ||| Stepping ~*~*~tactically~*~*~ (stealth).
 12670 | Lair:1   | 12670 ||| PLANNING LAIR
 12808 | Lair:2   | 12808 ||| INVOKING Heroism.
 12820 | Lair:2   | Received a gift from Okawaru
 12829 | Lair:2   | Reached ***** piety under Okawaru
 12830 | Lair:2   | Reached skill level 12 in Axes
 12834 | Lair:2   | 12834 ||| STAIRDANCE
 12841 | Lair:1   | Received a gift from Okawaru
 12875 | Lair:2   | 12875 ||| INVOKING Heroism.
 12883 | Lair:2   | Reached skill level 9 in Invocations
 12884 | Lair:2   | 12884 ||| PLANNING LAIR
 12911 | Lair:2   | 12911 ||| STAIRDANCE
 12991 | Lair:2   | Found the +6 shillelagh "Devastator" {shatter}
 13174 | Lair:2   | Reached skill level 3 in Throwing
 13206 | Lair:2   | 13206 ||| Stepping ~*~*~tactically~*~*~ (stealth).
 13211 | Lair:2   | Found a staircase to the Snake Pit.
 13212 | Lair:2   | 13212 ||| Stepping ~*~*~tactically~*~*~ (hiding).
 13221 | Lair:2   | Reached skill level 9 in Armour
 13223 | Lair:2   | 13223 ||| Stepping ~*~*~tactically~*~*~ (stealth).
 13298 | Lair:2   | Noticed a catoblepas
 13302 | Lair:2   | 13302 ||| INVOKING Heroism.
 13305 | Lair:2   | 13305 ||| INVOKING Finesse.
 13311 | Lair:2   | Killed a catoblepas
 13313 | Lair:2   | Received a gift from Okawaru
 13447 | Lair:2   | Found a runed translucent door.
 13477 | Lair:2   | 13477 ||| DROPPING +0 morningstar.
 13680 | Lair:2   | 13680 ||| Stepping ~*~*~tactically~*~*~ (stealth).
 13682 | Lair:2   | 13682 ||| Stepping ~*~*~tactically~*~*~ (stealth).
 13683 | Lair:2   | 13683 ||| Stepping ~*~*~tactically~*~*~ (stealth).
 13684 | Lair:2   | 13684 ||| INVOKING Heroism.
 13685 | Lair:2   | 13685 ||| Stepping ~*~*~tactically~*~*~ (stealth).
 13694 | Lair:2   | Reached XP level 13. HP: 76/80 MP: 18/20
 13710 | Lair:2   | Identified the +1 ring mail of Kumunwy {rElec rPois Str+6
                  | Dex-5}
 13894 | Lair:2   | 13894 ||| UPGRADING to +1 plate armour of cold resistance.
 13904 | Lair:2   | 13904 ||| REMOVING ring of ice.
 13905 | Lair:2   | 13905 ||| DROPPING +0 pair of boots of rampaging.
 13906 | Lair:2   | 13906 ||| UPGRADING to +2 helmet of intelligence.
 13911 | Lair:2   | 13911 ||| DROPPING ring of fire.
 13912 | Lair:2   | 13912 ||| UPGRADING to ring of protection from fire.
 14230 | Lair:3   | 14230 ||| INVOKING Heroism.
 14530 | Lair:3   | Found a staircase to the Swamp.
 14751 | Lair:3   | 14751 ||| READING scroll labelled GUOPREIRCHA.
 14855 | Lair:4   | Identified the +8 long sword of the Ageless Lives {heavy,
                  | rC+}
 14948 | Lair:4   | 14948 ||| INVOKING Heroism.
 14949 | Lair:4   | 14949 ||| Stepping ~*~*~tactically~*~*~ (stealth).
 14951 | Lair:4   | 14951 ||| Stepping ~*~*~tactically~*~*~ (stealth).
 14968 | Lair:4   | 14968 ||| INVOKING Heroism.
 15015 | Lair:4   | Found a viscous altar of Jiyva.
 15017 | Lair:4   | Found a staircase to the Slime Pits.
 15057 | Lair:4   | 15057 ||| INVOKING Heroism.
 15290 | Lair:4   | 15290 ||| READING scroll of enchant armour.
 15290 | Lair:4   | 15290 ||| ENCHANTING +0 pair of gloves.
 15365 | Lair:4   | 15365 ||| READING scroll of enchant weapon.
 15365 | Lair:4   | 15365 ||| ENCHANTING +5 heavy war axe.
 15761 | Lair:4   | 15761 ||| UPGRADING to ring of see invisible.
 15774 | Lair:5   | Entered Level 5 of the Lair of Beasts
 15782 | Lair:5   | 15782 ||| STAIRDANCE
 15784 | Lair:4   | 15784 ||| INVOKING Heroism.
 15884 | Lair:5   | 15884 ||| Stepping ~*~*~tactically~*~*~ (stealth).
 15889 | Lair:5   | 15889 ||| INVOKING Heroism.
 16112 | Lair:5   | 16112 ||| Stepping ~*~*~tactically~*~*~ (stealth).
 16134 | Lair:5   | Received a gift from Okawaru
 16138 | Lair:5   | Reached skill level 11 in Shields
 16138 | Lair:5   | 16138 ||| INVOKING Heroism.
 16185 | Lair:5   | 16185 ||| FLEEEEING.
 16186 | Lair:5   | 16186 ||| FLEEEEING.
 16187 | Lair:5   | 16187 ||| FLEEEEING.
 16188 | Lair:5   | 16188 ||| FLEEEEING.
 16189 | Lair:5   | 16189 ||| FLEEEEING.
 16190 | Lair:5   | 16190 ||| STAIRDANCE
 16249 | Lair:5   | 16249 ||| INVOKING Heroism.
 16261 | Lair:5   | 16261 ||| SWAPPING to +0 war axe of flaming.
 16274 | Lair:5   | 16274 ||| SWAPPING to +6 heavy war axe.
 16354 | Lair:5   | 16354 ||| INVOKING Heroism.
 16385 | Lair:5   | 16385 ||| Stepping ~*~*~tactically~*~*~ (stealth).
 16415 | Lair:5   | 16415 ||| Stepping ~*~*~tactically~*~*~ (stealth).
 16420 | Lair:5   | 16420 ||| Stepping ~*~*~tactically~*~*~ (stealth).
 16428 | Lair:5   | 16428 ||| INVOKING Heroism.
 16581 | Lair:5   | 16581 ||| INVOKING Heroism.
 16775 | Lair:5   | 16775 ||| Stepping ~*~*~tactically~*~*~ (stealth).
 16779 | Lair:5   | 16779 ||| INVOKING Heroism.
 16780 | Lair:5   | 16780 ||| Stepping ~*~*~tactically~*~*~ (stealth).
 16781 | Lair:5   | 16781 ||| Stepping ~*~*~tactically~*~*~ (stealth).
 16786 | Lair:5   | Gained mutation: Your large and strong wings let you fly.
                  | [Gargoyle growth]
 16786 | Lair:5   | Reached XP level 14. HP: 78/88 MP: 19/21
 16825 | Lair:5   | 16825 ||| Stepping ~*~*~tactically~*~*~ (stealth).
 16827 | Lair:5   | 16827 ||| Stepping ~*~*~tactically~*~*~ (stealth).
 16844 | Lair:5   | 16844 ||| Stepping ~*~*~tactically~*~*~ (stealth).
 16882 | Lair:5   | 16882 ||| Stepping ~*~*~tactically~*~*~ (stealth).
 16982 | Lair:5   | 16982 ||| Stepping ~*~*~tactically~*~*~ (stealth).
 16984 | Lair:5   | 16984 ||| INVOKING Heroism.
 16985 | Lair:5   | 16985 ||| INVOKING Finesse.
 17015 | Lair:5   | 17015 ||| INVOKING Heroism.
 17065 | Lair:5   | Received a gift from Okawaru
 17082 | Lair:5   | 17082 ||| INVOKING Heroism.
 17083 | Lair:5   | 17083 ||| INVOKING Finesse.
 17155 | Lair:5   | 17155 ||| Stepping ~*~*~tactically~*~*~ (stealth).
 17244 | Lair:5   | 17244 ||| Stepping ~*~*~tactically~*~*~ (stealth).
 17246 | Lair:5   | 17246 ||| Stepping ~*~*~tactically~*~*~ (stealth).
 17248 | Lair:5   | 17248 ||| Stepping ~*~*~tactically~*~*~ (stealth).
 17251 | Lair:5   | 17251 ||| INVOKING Heroism.
 17271 | Lair:5   | 17271 ||| INVOKING Heroism.
 17297 | Lair:5   | 17297 ||| INVOKING Heroism.
 17481 | Lair:5   | 17481 ||| READING scroll of enchant weapon.
 17481 | Lair:5   | 17481 ||| ENCHANTING +6 heavy war axe.
 17499 | Lair:5   | 17499 ||| Stepping ~*~*~tactically~*~*~ (stealth).
 17693 | Lair:5   | 17693 ||| PLANNING D
 17828 | D:12     | Noticed Josephine
 17835 | D:12     | Killed Josephine
 18049 | D:12     | 18049 ||| Stepping ~*~*~tactically~*~*~ (stealth).
 18052 | D:12     | 18052 ||| Stepping ~*~*~tactically~*~*~ (stealth).
 18057 | D:12     | 18057 ||| Stepping ~*~*~tactically~*~*~ (stealth).
 18071 | D:12     | Received a gift from Okawaru
 18098 | D:12     | 18098 ||| Stepping ~*~*~tactically~*~*~ (stealth).
 18145 | D:12     | 18145 ||| Stepping ~*~*~tactically~*~*~ (stealth).
 18166 | D:12     | 18166 ||| Stepping ~*~*~tactically~*~*~ (stealth).
 18167 | D:12     | 18167 ||| Stepping ~*~*~tactically~*~*~ (stealth).
 18168 | D:12     | 18168 ||| Stepping ~*~*~tactically~*~*~ (stealth).
 18170 | D:12     | 18170 ||| Stepping ~*~*~tactically~*~*~ (hiding).
 18171 | D:12     | 18171 ||| INVOKING Heroism.
 18183 | D:12     | Reached skill level 12 in Shields
 18184 | D:12     | Received a gift from Okawaru
 18201 | D:12     | 18201 ||| Stepping ~*~*~tactically~*~*~ (stealth).
 18202 | D:12     | 18202 ||| Stepping ~*~*~tactically~*~*~ (stealth).
 18389 | D:12     | Noticed Nergalle
 18401 | D:12     | Killed Nergalle
 18516 | D:12     | Noticed Psyche
 18521 | D:12     | 18521 ||| DRINKING 2 potions of cancellation.
 18528 | D:12     | Killed Psyche
 18597 | D:12     | Found a staircase to the Orcish Mines.
 18822 | D:12     | 18822 ||| UPGRADING to +6 ring of strength.
 18847 | D:13     | 18847 ||| INVOKING Heroism.
 18851 | D:13     | Received a gift from Okawaru
 18852 | D:13     | Reached skill level 6 in Throwing
 19037 | D:13     | 19037 ||| READING scroll of enchant armour.
 19037 | D:13     | 19037 ||| ENCHANTING +1 pair of gloves.
 19073 | D:13     | 19073 ||| Stepping ~*~*~tactically~*~*~ (stealth).
 19075 | D:13     | 19075 ||| Stepping ~*~*~tactically~*~*~ (stealth).
 19118 | D:13     | 19118 ||| READING scroll of enchant weapon.
 19118 | D:13     | 19118 ||| ENCHANTING +7 heavy war axe.
 19157 | D:13     | 19157 ||| INVOKING Heroism.
 19178 | D:13     | 19178 ||| READING 13 scrolls of teleportation.
 19287 | D:13     | 19287 ||| Stepping ~*~*~tactically~*~*~ (stealth).
 19290 | D:13     | 19290 ||| Stepping ~*~*~tactically~*~*~ (stealth).
 19299 | D:13     | 19299 ||| INVOKING Heroism.
 19326 | D:13     | 19326 ||| Stepping ~*~*~tactically~*~*~ (stealth).
 19345 | D:13     | 19345 ||| Stepping ~*~*~tactically~*~*~ (hiding).
 19457 | D:13     | Found a portal to a secret trove of treasure.
 19508 | D:13     | 19508 ||| Stepping ~*~*~tactically~*~*~ (stealth).
 19521 | D:13     | 19521 ||| Stepping ~*~*~tactically~*~*~ (stealth).
 19525 | D:13     | 19525 ||| Stepping ~*~*~tactically~*~*~ (stealth).
 19531 | D:13     | 19531 ||| INVOKING Heroism.
 19535 | D:13     | Received a gift from Okawaru
 19536 | D:13     | Reached skill level 15 in Axes
 19925 | D:14     | 19925 ||| INVOKING Heroism.
 19926 | D:14     | 19926 ||| INVOKING Finesse.
 19933 | D:14     | Reached XP level 15. HP: 86/94 MP: 14/22
 19935 | D:14     | 19935 ||| SWAPPING to +0 war axe of flaming.
 19944 | D:14     | 19944 ||| SWAPPING to +8 heavy war axe.
 19950 | D:14     | Reached skill level 3 in Dodging
 19950 | D:14     | 19950 ||| SWAPPING to +0 war axe of flaming.
 19955 | D:14     | Received a gift from Okawaru
 19956 | D:14     | 19956 ||| SWAPPING to +8 heavy war axe.
 20191 | D:14     | 20191 ||| Stepping ~*~*~tactically~*~*~ (hiding).
 20204 | D:14     | Received a gift from Okawaru
 20264 | D:14     | Reached skill level 12 in Fighting
 20266 | D:14     | 20266 ||| Stepping ~*~*~tactically~*~*~ (stealth).
 20276 | D:14     | 20276 ||| INVOKING Heroism.
 20471 | D:14     | 20471 ||| Stepping ~*~*~tactically~*~*~ (stealth).
 20473 | D:14     | 20473 ||| INVOKING Heroism.
 20474 | D:14     | 20474 ||| Stepping ~*~*~tactically~*~*~ (stealth).
 20485 | D:14     | 20485 ||| Stepping ~*~*~tactically~*~*~ (stealth).
 20617 | D:14     | 20617 ||| Stepping ~*~*~tactically~*~*~ (hiding).
 20636 | D:14     | 20636 ||| Stepping ~*~*~tactically~*~*~ (stealth).
 20655 | D:14     | Found a gate to the Vaults.
 20817 | D:15     | Entered Level 15 of the Dungeon
 20817 | D:15     | Found a staircase to the Depths.
 20818 | D:15     | 20818 ||| INVOKING Heroism.
 20850 | D:15     | 20850 ||| Stepping ~*~*~tactically~*~*~ (hiding).
 20851 | D:15     | 20851 ||| Stepping ~*~*~tactically~*~*~ (hiding).
 20863 | D:15     | 20863 ||| INVOKING Heroism.
 20864 | D:15     | Received a gift from Okawaru
 20962 | D:15     | 20962 ||| FLEEEEING.
 20963 | D:15     | 20963 ||| FLEEEEING.
 20964 | D:15     | 20964 ||| FLEEEEING.
 20965 | D:15     | 20965 ||| Stepping ~*~*~tactically~*~*~ (stealth).
 20966 | D:15     | 20966 ||| FLEEEEING.
 21000 | D:15     | 21000 ||| Stepping ~*~*~tactically~*~*~ (stealth).
 21023 | D:15     | 21023 ||| Stepping ~*~*~tactically~*~*~ (stealth).
 21026 | D:15     | 21026 ||| Stepping ~*~*~tactically~*~*~ (hiding).
 21030 | D:15     | Identified the +0 ring mail of Cikhlupta {rCorr Int-5
                  | Dex+3} (Okawaru gifted it to you on level 15 of the
                  | Dungeon)
 21030 | D:15     | Received a gift from Okawaru
 21032 | D:15     | 21032 ||| Stepping ~*~*~tactically~*~*~ (hiding).
 21098 | D:15     | 21098 ||| INVOKING Heroism.
 21099 | D:15     | 21099 ||| Stepping ~*~*~tactically~*~*~ (hiding).
 21100 | D:15     | 21100 ||| Stepping ~*~*~tactically~*~*~ (hiding).
 21101 | D:15     | 21101 ||| Stepping ~*~*~tactically~*~*~ (hiding).
 21102 | D:15     | 21102 ||| Stepping ~*~*~tactically~*~*~ (hiding).
 21103 | D:15     | 21103 ||| Stepping ~*~*~tactically~*~*~ (hiding).
 21159 | D:15     | 21159 ||| Stepping ~*~*~tactically~*~*~ (stealth).
 21188 | D:15     | 21188 ||| DRINKING potion of experience.
 21188 | D:15     | Reached skill level 12 in Armour
 21188 | D:15     | Reached XP level 16. HP: 101/101 MP: 23/23
 21206 | D:15     | 21206 ||| Stepping ~*~*~tactically~*~*~ (hiding).
 21292 | D:15     | 21292 ||| Stepping ~*~*~tactically~*~*~ (stealth).
 21294 | D:15     | 21294 ||| Stepping ~*~*~tactically~*~*~ (stealth).
 21307 | D:15     | 21307 ||| STAIRDANCE
 21356 | D:15     | 21356 ||| Stepping ~*~*~tactically~*~*~ (hiding).
 21357 | D:15     | 21357 ||| Stepping ~*~*~tactically~*~*~ (hiding).
 21365 | D:15     | 21365 ||| INVOKING Heroism.
 21494 | D:15     | 21494 ||| Stepping ~*~*~tactically~*~*~ (stealth).
 21499 | D:15     | 21499 ||| Stepping ~*~*~tactically~*~*~ (hiding).
 21501 | D:15     | 21501 ||| Stepping ~*~*~tactically~*~*~ (hiding).
 21691 | D:15     | 21691 ||| Stepping ~*~*~tactically~*~*~ (hiding).
 21693 | D:15     | 21693 ||| INVOKING Heroism.
 21700 | D:15     | Reached skill level 13 in Shields
 21846 | D:15     | 21846 ||| PLANNING ORC
 21846 | D:15     | 21846 ||| DROPPING +1 helmet.
 21906 | Orc:1    | Entered Level 1 of the Orcish Mines
 21917 | Orc:1    | 21917 ||| Stepping ~*~*~tactically~*~*~ (stealth).
 21930 | Orc:1    | 21930 ||| Stepping ~*~*~tactically~*~*~ (stealth).
 21932 | Orc:1    | 21932 ||| Stepping ~*~*~tactically~*~*~ (hiding).
 21933 | Orc:1    | 21933 ||| Stepping ~*~*~tactically~*~*~ (hiding).
 21935 | Orc:1    | 21935 ||| Stepping ~*~*~tactically~*~*~ (hiding).
 22254 | Orc:2    | Entered Level 2 of the Orcish Mines
 22255 | Orc:2    | 22255 ||| INVOKING Heroism.
 22299 | Orc:2    | Found a burning altar of Makhleb.
 22316 | Orc:1    | 22316 ||| INVOKING Heroism.
 22576 | Orc:2    | Found Kaumeypu's Jewellery Emporium.
 22585 | Orc:2    | 22585 ||| BUYING +4 ring of protection (396 gold).
 22585 | Orc:2    | Bought a +4 ring of protection for 396 gold pieces
 22585 | Orc:2    | 22585 ||| BUYING +5 ring of evasion (396 gold).
 22585 | Orc:2    | Bought a +5 ring of evasion for 396 gold pieces
 22587 | Orc:2    | Found a staircase to the Elven Halls.
 22599 | Orc:2    | 22599 ||| Stepping ~*~*~tactically~*~*~ (hiding).
 22601 | Orc:2    | 22601 ||| Stepping ~*~*~tactically~*~*~ (hiding).
 22602 | Orc:2    | 22602 ||| INVOKING Heroism.
 22675 | Orc:2    | 22675 ||| Stepping ~*~*~tactically~*~*~ (hiding).
 22676 | Orc:2    | 22676 ||| INVOKING Heroism.
 22750 | Orc:2    | Found a radiant altar of Vehumet.
 22903 | Orc:2    | 22903 ||| FLEEEEING.
 22904 | Orc:2    | 22904 ||| FLEEEEING.
 22905 | Orc:2    | 22905 ||| FLEEEEING.
 22906 | Orc:2    | 22906 ||| FLEEEEING.
 22907 | Orc:2    | 22907 ||| FLEEEEING.
 22912 | Orc:2    | 22912 ||| FLEEEEING.
 22913 | Orc:2    | 22913 ||| Stepping ~*~*~tactically~*~*~ (hiding).
 22926 | Orc:2    | 22926 ||| Stepping ~*~*~tactically~*~*~ (hiding).
 22928 | Orc:2    | 22928 ||| Stepping ~*~*~tactically~*~*~ (hiding).
 22966 | Orc:2    | 22966 ||| Stepping ~*~*~tactically~*~*~ (stealth).
 22969 | Orc:2    | 22969 ||| Stepping ~*~*~tactically~*~*~ (stealth).
 22977 | Orc:2    | 22977 ||| INVOKING Heroism.
 23000 | Orc:2    | HP: 24/103 [orc priest/divine providence (12)]
 23001 | Orc:2    | 23001 ||| READING 13 scrolls of teleportation.
 23002 | Orc:2    | 23002 ||| DRINKING 3 potions of heal wounds.
 23003 | Orc:2    | 23003 ||| DRINKING 2 potions of heal wounds.
 23233 | Orc:2    | 23233 ||| Stepping ~*~*~tactically~*~*~ (hiding).
 23234 | Orc:2    | 23234 ||| Stepping ~*~*~tactically~*~*~ (hiding).
 23237 | Orc:2    | 23237 ||| Stepping ~*~*~tactically~*~*~ (hiding).
 23249 | Orc:2    | 23249 ||| Stepping ~*~*~tactically~*~*~ (stealth).
 23250 | Orc:2    | 23250 ||| Stepping ~*~*~tactically~*~*~ (stealth).
 23251 | Orc:2    | 23251 ||| Stepping ~*~*~tactically~*~*~ (stealth).
 23262 | Orc:2    | 23262 ||| Stepping ~*~*~tactically~*~*~ (hiding).
 23265 | Orc:2    | 23265 ||| Stepping ~*~*~tactically~*~*~ (hiding).
 23266 | Orc:2    | 23266 ||| INVOKING Heroism.
 23278 | Orc:2    | 23278 ||| Stepping ~*~*~tactically~*~*~ (hiding).
 23279 | Orc:2    | 23279 ||| Stepping ~*~*~tactically~*~*~ (hiding).
 23280 | Orc:2    | 23280 ||| Stepping ~*~*~tactically~*~*~ (hiding).
 23281 | Orc:2    | 23281 ||| Stepping ~*~*~tactically~*~*~ (hiding).
 23282 | Orc:2    | 23282 ||| Stepping ~*~*~tactically~*~*~ (hiding).
 23338 | Orc:2    | 23338 ||| Stepping ~*~*~tactically~*~*~ (stealth).
 23339 | Orc:2    | 23339 ||| Stepping ~*~*~tactically~*~*~ (stealth).
 23341 | Orc:2    | 23341 ||| Stepping ~*~*~tactically~*~*~ (hiding).
 23344 | Orc:2    | 23344 ||| INVOKING Heroism.
 23376 | Orc:2    | 23376 ||| Stepping ~*~*~tactically~*~*~ (stealth).
 23410 | Orc:2    | 23410 ||| Stepping ~*~*~tactically~*~*~ (hiding).
 23412 | Orc:2    | 23412 ||| Stepping ~*~*~tactically~*~*~ (hiding).
 23493 | Orc:2    | 23493 ||| Stepping ~*~*~tactically~*~*~ (stealth).
 23495 | Orc:2    | 23495 ||| Stepping ~*~*~tactically~*~*~ (hiding).
 23607 | Orc:2    | Found Xore's Magic Scroll Shoppe.
 23607 | Orc:2    | Found Wuvanie's Weapon Shoppe.
 23608 | Orc:2    | Found Toletigear's Book Emporium.
 23612 | Orc:2    | Found Doavveru's Book Emporium.
 23615 | Orc:2    | 23615 ||| BUYING scroll of acquirement (728 gold).
 23615 | Orc:2    | Bought a scroll of acquirement for 728 gold pieces
 23615 | Orc:2    | 23615 ||| BUYING scroll of brand weapon (133 gold).
 23615 | Orc:2    | Bought a scroll of brand weapon for 133 gold pieces
 23615 | Orc:2    | 23615 ||| READING scroll of acquirement.
 23615 | Orc:2    | 23615 ||| ACQUIRING +0 pair of gloves of the Decaying God
                  | {Int-5 Slay+5}
 23615 | Orc:2    | Acquired the +0 pair of gloves of the Decaying God {Int-5
                  | Slay+5}
 23617 | Orc:2    | 23617 ||| DROPPING +0 plate armour of willpower.
 23618 | Orc:2    | 23618 ||| READING scroll of brand weapon.
 23618 | Orc:2    | 23618 ||| BRANDING +8 heavy war axe.
 23620 | Orc:2    | 23620 ||| UPGRADING to +0 pair of gloves of the Decaying
                  | God {Int-5 Slay+5}.
 23621 | Orc:2    | 23621 ||| Stepping ~*~*~tactically~*~*~ (hiding).
 23622 | Orc:2    | 23622 ||| Stepping ~*~*~tactically~*~*~ (hiding).
 23628 | Orc:2    | 23628 ||| Stepping ~*~*~tactically~*~*~ (hiding).
 23634 | Orc:2    | 23634 ||| Stepping ~*~*~tactically~*~*~ (hiding).
 23640 | Orc:2    | Noticed Donald
 23641 | Orc:2    | 23641 ||| INVOKING Heroism.
 23645 | Orc:2    | Killed Donald
 23646 | Orc:2    | 23646 ||| UPGRADING to +0 pair of gloves of the Decaying
                  | God {Int-5 Slay+5}.
 23656 | Orc:2    | 23656 ||| DROPPING +2 pair of gloves.
 23657 | Orc:2    | 23657 ||| UPGRADING to +4 ring of protection.
 23668 | Orc:2    | 23668 ||| UPGRADING to +0 kite shield of reflection.
 23678 | Orc:2    | 23678 ||| DROPPING +0 kite shield.
 23867 | Orc:2    | 23867 ||| PLANNING SNAKE:1-3
 23867 | Orc:2    | 23867 ||| UPGRADING to +5 ring of evasion.
 23869 | Orc:2    | 23869 ||| DROPPING +6 ring of strength.
 24020 | Snake:1  | Entered Level 1 of the Snake Pit
 24023 | Snake:1  | 24023 ||| INVOKING Heroism.
 24028 | Snake:1  | Reached XP level 17. HP: 102/108 MP: 21/24
 24101 | Snake:1  | 24101 ||| Stepping ~*~*~tactically~*~*~ (hiding).
 24104 | Snake:1  | 24104 ||| Stepping ~*~*~tactically~*~*~ (hiding).
 24115 | Snake:1  | Received a gift from Okawaru
 24362 | Snake:1  | Noticed Louise
 24375 | Snake:1  | Killed Louise
 24690 | Snake:1  | 24690 ||| Stepping ~*~*~tactically~*~*~ (stealth).
 24717 | Snake:1  | 24717 ||| INVOKING Heroism.
 25271 | Snake:1  | 25271 ||| UPGRADING to +0 tower shield.
 25281 | Snake:1  | 25281 ||| DROPPING +0 kite shield of reflection.
 25329 | Snake:2  | 25329 ||| Stepping ~*~*~tactically~*~*~ (stealth).
 25342 | Snake:2  | Reached skill level 14 in Shields
 25581 | Snake:2  | 25581 ||| READING scroll of acquirement.
 25581 | Snake:2  | 25581 ||| ACQUIRING 595 gold pieces
 25581 | Snake:2  | Acquired 595 gold pieces
 25615 | Snake:2  | Received a gift from Okawaru
 25651 | Snake:2  | 25651 ||| INVOKING Heroism.
 25660 | Snake:2  | Received a gift from Okawaru
 25718 | Snake:2  | You are sucked into a shaft and drop 1 floor!
 25728 | Snake:3  | 25728 ||| INVOKING Heroism.
 25736 | Snake:3  | Reached skill level 15 in Shields
 25742 | Snake:3  | 25742 ||| FLEEEEING.
 25743 | Snake:3  | 25743 ||| FLEEEEING.
 25754 | Snake:3  | Identified the +6 quarterstaff "Asiebbek" {flame, rF+ Str+3
                  | Int+3} (Okawaru gifted it to you on level 3 of the Snake
                  | Pit)
 25754 | Snake:3  | Received a gift from Okawaru
 25756 | Snake:3  | HP: 20/110 [salamander mystic/bolt of magma (16)]
 25757 | Snake:3  | 25757 ||| READING 12 scrolls of teleportation.
 25758 | Snake:3  | 25758 ||| DRINKING potion of heal wounds.
 25776 | Snake:3  | 25776 ||| FLEEEEING.
 25777 | Snake:3  | 25777 ||| FLEEEEING.
 25778 | Snake:3  | 25778 ||| FLEEEEING.
 25779 | Snake:3  | 25779 ||| FLEEEEING.
 25782 | Snake:3  | 25782 ||| STAIRDANCE
 26012 | Snake:2  | 26012 ||| Stepping ~*~*~tactically~*~*~ (hiding).
 26203 | Snake:2  | Found a runed translucent door.
 26206 | Snake:2  | Noticed Zonian's ghost (adept HOFi)
 26236 | Snake:2  | Reached skill level 16 in Shields
 26585 | Snake:3  | 26585 ||| FLEEEEING.
 26586 | Snake:3  | 26586 ||| STAIRDANCE
 26724 | Snake:3  | 26724 ||| INVOKING Heroism.
 26749 | Snake:3  | 26749 ||| INVOKING Heroism.
 26908 | Snake:3  | 26908 ||| Stepping ~*~*~tactically~*~*~ (hiding).
 26966 | Snake:3  | 26966 ||| Stepping ~*~*~tactically~*~*~ (stealth).
 27032 | Snake:3  | 27032 ||| Stepping ~*~*~tactically~*~*~ (hiding).
 27036 | Snake:3  | 27036 ||| INVOKING Heroism.
 27043 | Snake:3  | Received a gift from Okawaru
 27054 | Snake:3  | Reached skill level 17 in Shields
 27057 | Snake:3  | Received a gift from Okawaru
 27059 | Snake:3  | 27059 ||| FLEEEEING.
 27060 | Snake:3  | 27060 ||| FLEEEEING.
 27109 | Snake:3  | 27109 ||| FLEEEEING.
 27110 | Snake:3  | 27110 ||| FLEEEEING.
 27415 | Snake:3  | 27415 ||| Stepping ~*~*~tactically~*~*~ (hiding).
 27812 | Snake:3  | 27812 ||| Stepping ~*~*~tactically~*~*~ (hiding).
 27949 | Snake:3  | 27949 ||| Stepping ~*~*~tactically~*~*~ (hiding).
 28023 | Snake:3  | 28023 ||| PLANNING SWAMP:1-3
 28171 | Swamp:1  | Entered Level 1 of the Swamp
 28171 | Swamp:1  | You are sucked into a shaft and drop 1 floor!
 28174 | Swamp:2  | 28174 ||| INVOKING Heroism.
 28181 | Swamp:2  | 28181 ||| Stepping ~*~*~tactically~*~*~ (hiding).
 28182 | Swamp:2  | 28182 ||| Stepping ~*~*~tactically~*~*~ (hiding).
 28190 | Swamp:2  | 28190 ||| INVOKING Finesse.
 28198 | Swamp:2  | Reached XP level 18. HP: 102/116 MP: 19/25
 28269 | Swamp:2  | 28269 ||| DROPPING +0 war axe of flaming.
 28288 | Swamp:1  | 28288 ||| INVOKING Heroism.
 28456 | Swamp:1  | 28456 ||| INVOKING Heroism.
 28489 | Swamp:1  | Reached skill level 18 in Shields
 28489 | Swamp:1  | 28489 ||| INVOKING Heroism.
 28581 | Swamp:1  | 28581 ||| INVOKING Heroism.
 28891 | Swamp:1  | 28891 ||| INVOKING Heroism.
 28892 | Swamp:1  | 28892 ||| Stepping ~*~*~tactically~*~*~ (stealth).
 28965 | Swamp:1  | Identified the +6 ring mail "Hauv Upi" {rF+ Dex+2} (Okawaru
                  | gifted it to you on level 1 of the Swamp)
 28965 | Swamp:1  | Received a gift from Okawaru
 28971 | Swamp:1  | 28971 ||| Stepping ~*~*~tactically~*~*~ (hiding).
 28972 | Swamp:1  | 28972 ||| Stepping ~*~*~tactically~*~*~ (hiding).
 28974 | Swamp:1  | 28974 ||| INVOKING Heroism.
 29009 | Swamp:1  | 29009 ||| Stepping ~*~*~tactically~*~*~ (stealth).
 29102 | Swamp:2  | 29102 ||| INVOKING Heroism.
 29266 | Swamp:2  | 29266 ||| Stepping ~*~*~tactically~*~*~ (stealth).
 29268 | Swamp:2  | 29268 ||| Stepping ~*~*~tactically~*~*~ (hiding).
 29403 | Swamp:2  | 29403 ||| Stepping ~*~*~tactically~*~*~ (stealth).
 29404 | Swamp:2  | 29404 ||| Stepping ~*~*~tactically~*~*~ (stealth).
 29405 | Swamp:2  | 29405 ||| Stepping ~*~*~tactically~*~*~ (stealth).
 29474 | Swamp:2  | Identified the +0 fire dragon scales "Porenitz" {rF++ rC-
                  | rCorr Int+2 Slay+2}
 29499 | Swamp:2  | 29499 ||| INVOKING Heroism.
 29550 | Swamp:2  | Identified the +5 rapier of Ivebumym {speed, rC+}
 29575 | Swamp:2  | 29575 ||| Stepping ~*~*~tactically~*~*~ (hiding).
 29694 | Swamp:2  | 29694 ||| INVOKING Heroism.
 29881 | Swamp:3  | Identified Roxanne's Dissertation on Bedrock
 29881 | Swamp:3  | Noticed Roxanne
 29882 | Swamp:3  | 29882 ||| INVOKING Heroism.
 29883 | Swamp:3  | 29883 ||| INVOKING Finesse.
 29897 | Swamp:3  | Killed Roxanne
 29944 | Swamp:3  | 29944 ||| INVOKING Heroism.
 29966 | Swamp:3  | 29966 ||| Stepping ~*~*~tactically~*~*~ (hiding).
 29968 | Swamp:3  | 29968 ||| Stepping ~*~*~tactically~*~*~ (hiding).
 29972 | Swamp:3  | 29972 ||| Stepping ~*~*~tactically~*~*~ (stealth).
 29974 | Swamp:3  | 29974 ||| INVOKING Heroism.
 30117 | Swamp:3  | 30117 ||| Stepping ~*~*~tactically~*~*~ (hiding).
 30119 | Swamp:3  | 30119 ||| Stepping ~*~*~tactically~*~*~ (hiding).
 30120 | Swamp:3  | 30120 ||| Stepping ~*~*~tactically~*~*~ (hiding).
 30121 | Swamp:3  | 30121 ||| Stepping ~*~*~tactically~*~*~ (hiding).
 30243 | Swamp:3  | 30243 ||| INVOKING Heroism.
 30286 | Swamp:3  | 30286 ||| Stepping ~*~*~tactically~*~*~ (stealth).
 30372 | Swamp:3  | 30372 ||| Stepping ~*~*~tactically~*~*~ (hiding).
 30374 | Swamp:3  | 30374 ||| Stepping ~*~*~tactically~*~*~ (hiding).
 30648 | Swamp:3  | 30648 ||| Stepping ~*~*~tactically~*~*~ (hiding).
 30651 | Swamp:3  | 30651 ||| INVOKING Heroism.
 30848 | Swamp:3  | 30848 ||| PLANNING SNAKE:4
 30848 | Swamp:3  | 30848 ||| DROPPING ring of positive energy.
 31026 | Snake:4  | Entered Level 4 of the Snake Pit
 31034 | Snake:4  | Reached skill level 15 in Fighting
 31042 | Snake:4  | 31042 ||| INVOKING Heroism.
 31118 | Snake:4  | 31118 ||| Stepping ~*~*~tactically~*~*~ (hiding).
 31156 | Snake:4  | 31156 ||| Stepping ~*~*~tactically~*~*~ (hiding).
 31157 | Snake:4  | 31157 ||| INVOKING Heroism.
 31182 | Snake:4  | 31182 ||| Stepping ~*~*~tactically~*~*~ (hiding).
 31183 | Snake:4  | 31183 ||| Stepping ~*~*~tactically~*~*~ (hiding).
 31184 | Snake:4  | 31184 ||| Stepping ~*~*~tactically~*~*~ (hiding).
 31191 | Snake:4  | 31191 ||| INVOKING Heroism.
 31272 | Snake:4  | 31272 ||| INVOKING Heroism.
 31294 | Snake:4  | HP: 24/119 [nagaraja/+2 spear of venom (32)]
 31295 | Snake:4  | 31295 ||| DRINKING potion of heal wounds.
 31301 | Snake:4  | HP: 15/119 [naga warrior/+0 glaive (4)]
 31304 | Snake:4  | Mangled by a nagaraja

Levels and vault maps discovered:
D:1:      minmay_arrival_split_and_join, layout_basic, minmay_tetromino_s4
D:2:      layout_loops_cross, reono_crystal_passage
D:3:      layout_basic, tso_altar, ebering_ecumenical_altar_webs, st_stairs_4,
          uniq_ijyb
D:4:      layout_loops_ring, enter_ossuary_1, serial_bayou_crossing,
          uniq_sigmund
D:5:      layout_rooms, fedhas_bush_and_centaur_altar, portal_sewer_entry_f
D:6:      layout_loops_cross, zin_treasury, temple_hall, minmay_checkerbox
D:7:      layout_cave_pools, riverfiend_overflow_shadow_ancestor,
          enter_bailey_3, minmay_misc_feat_tiny
D:8:      layout_basic, mainiacjoe_overflow_small_starburst,
          mainiacjoe_overflow_divided_tiny
D:9:      layout_cave_pods, mainiacjoe_overflow_surrounded_room, serial_shops,
          shop, introduction_to_nature_2
D:10:     layout_loops_corners, grunt_gozag_statues, old_standard_altar,
          serial_shops, nicolae_shop_behind_doors, lightli_elemental_guards,
          uniq_erolcha
D:11:     layout_basic, dpeg_oklobed_lair, minmay_misc_feat_columns
D:12:     layout_basic, orc_0_dummy, uniq_nergalle, uniq_psyche, uniq_josephine
D:13:     layout_basic, nicolae_trove_entry_crystal
D:14:     layout_roguey [special_room_mythical_zoo], david_vaults_4
D:15:     grunt_enter_depths_giant_problem, layout_rooms, palyth_stone_intersect
Temple:   minmay_freezing_vapour_temple
Lair:1:   layout_regular_city, nicolae_lair_liquid_snakes
Lair:2:   layout_chaotic_city, nicolae_snake_entry_warm_welcome,
          pdpol_lair_cabin_in_the_woods
Lair:3:   layout_regular_city, swamp_mist
Lair:4:   layout_regular_city, slime_entry_1, grunt_megastairs_3
Lair:5:   minmay_lair_end_enchanted_forest, layout_long_grid
Swamp:1:  layout_basic_swamp, evilmike_swamp_ruin_house_4
Swamp:2:  layout_basic_swamp, evilmike_swamp_ruin_house_5, swamp_pool2
Swamp:3:  layout_basic_swamp, hangedman_swamp_ruin_wall, uniq_roxanne
Snake:1:  layout_chambers, nicolae_coiled_stairwell_down, grunt_megastairs_4,
          lemuel_fruit_tree, serial_bayou_shore_a, uniq_louise
Snake:2:  layout_onion, gammafunk_ghost_grave, nicolae_triple_integral
Snake:3:  layout_gridlike, nicolae_snake_slithery_hallway, grunt_ministairs_2
Snake:4:  snake_pit, layout_onion, nicolae_snake_double_loop
Orc:1:    layout_caves
Orc:2:    st_orc_mages, layout_diamond_mine, basic_altar, serial_shops, shop,
          bloody_makhleb, uniq_donald

Skill      XL: |  1  2  3  4  5  6  7  8  9 10 11 12 13 14 15 16 17 18 |
---------------+-------------------------------------------------------+-----
Axes           | 2 3 4 5 6 8 9 10 11 12 14 15 16 | 16.0
Shields        | 4 5 6 7 8 9 10 11 12 13 17 18 | 18.1
Fighting       | 4 5 7 9 10 11 12 13 15 | 15.0
Dodging        | 1 2 3 |  3.0
Armour         | 5 6 8 9 10 11 12 13 14 | 14.9
Invocations    | 4 6 10 | 10.0
Throwing       | 1 3 6 7 8 |  8.0

Action                     |  1- 3 |  4- 6 |  7- 9 | 10-12 | 13-15 | 16-18 || total
---------------------------+-------+-------+-------+-------+-------+-------++-------
  Melee: War axe           |   129 |   173 |   333 |   418 |   680 |   713 ||  2446
  Throw: Boomerang         |       |     4 |       |    23 |    14 |     6 ||    47
         Javelin           |       |       |       |    12 |    71 |    86 ||   169
 Invoke: Heroism           |       |       |       |    21 |    29 |    36 ||    86
         Finesse           |       |       |       |     1 |     3 |     2 ||     6
    Use: Scroll            |     2 |     9 |    10 |     6 |     7 |     5 ||    39
         Potion            |       |     2 |     6 |       |     2 |     4 ||    14
   Stab: Petrified         |       |       |       |     1 |       |       ||     1
         Distracted        |       |       |       |       |       |    14 ||    14
 Armour: Scale mail        |    53 |       |       |       |       |       ||    53
         Chain mail        |    14 |    70 |   190 |       |       |       ||   274
         Plate armour      |       |       |    11 |   281 |   507 |   269 ||  1068
  Dodge: Dodged            |    71 |    45 |    93 |   118 |   213 |   226 ||   766
  Block: Buckler           |    26 |    13 |       |       |       |       ||    39
         Kite shield       |       |    33 |   178 |   251 |   425 |   117 ||  1004
         Tower shield      |       |       |       |       |       |   430 ||   430
         Reflection        |       |       |       |       |       |     8 ||     8

Table legend:
 A = Non-vault XP
 B = Vault XP
 C = Vault XP percentage of total XP
 D = Non-vault monster count
 E = Vault monster count
 F = Vault count percentage of total count
                 A         B        C        D         E       F
            +---------+---------+-------+---------+---------+-------
      Total |  204474 |   46659 |  18.6 |     753 |     252 |  25.1
            +---------+---------+-------+---------+---------+-------
        D:1 |      74 |       2 |   2.6 |      37 |       1 |   2.6
        D:2 |      82 |       0 |   0.0 |      20 |       0 |   0.0
        D:3 |      34 |      44 |  56.4 |      11 |       4 |  26.7
        D:4 |     641 |     116 |  15.3 |      19 |       1 |   5.0
        D:5 |     629 |     116 |  15.6 |      25 |       5 |  16.7
        D:6 |     638 |     338 |  34.6 |      11 |       4 |  26.7
        D:7 |    1643 |       7 |   0.4 |      13 |       4 |  23.5
        D:8 |     501 |       0 |   0.0 |       9 |       0 |   0.0
        D:9 |    2803 |     916 |  24.6 |      30 |      15 |  33.3
       D:10 |    1929 |     878 |  31.3 |      20 |       1 |   4.8
       D:11 |    4133 |     542 |  11.6 |      29 |       1 |   3.3
       D:12 |    8980 |    2911 |  24.5 |      23 |       7 |  23.3
       D:13 |    8410 |       0 |   0.0 |      22 |       0 |   0.0
       D:14 |    5227 |    9329 |  64.1 |      11 |      30 |  73.2
       D:15 |   14721 |    1079 |   6.8 |      34 |       1 |   2.9
     Lair:1 |    5719 |     206 |   3.5 |      20 |       4 |  16.7
     Lair:2 |    8387 |     731 |   8.0 |      32 |       4 |  11.1
     Lair:3 |    2034 |       0 |   0.0 |      10 |       0 |   0.0
     Lair:4 |    5108 |     181 |   3.4 |      23 |       2 |   8.0
     Lair:5 |   16884 |    8737 |  34.1 |      47 |      47 |  50.0
    Swamp:1 |   16040 |       0 |   0.0 |      40 |       0 |   0.0
    Swamp:2 |   13956 |       0 |   0.0 |      32 |       0 |   0.0
    Swamp:3 |   12456 |    1444 |  10.4 |      27 |       1 |   3.6
    Snake:1 |   11569 |    2091 |  15.3 |      25 |       4 |  13.8
    Snake:2 |   16589 |       0 |   0.0 |      35 |       0 |   0.0
    Snake:3 |   27948 |    2060 |   6.9 |      63 |       5 |   7.4
    Snake:4 |    8009 |    6314 |  44.1 |      18 |       9 |  33.3
      Orc:1 |    2745 |       0 |   0.0 |      28 |       0 |   0.0
      Orc:2 |    6585 |    6921 |  51.2 |      39 |      42 |  51.9
      Sewer |       0 |     446 | 100.0 |       0 |      28 | 100.0
    Ossuary |       0 |    1250 | 100.0 |       0 |      32 | 100.0
            +---------+---------+-------+---------+---------+-------
